[Event "SUNWAY"]
[Date "2016.12.22"]
[Round "8.10"]
[White "Minko, Vladimir"]
[Black "Lopez Martinez, Josep Manuel"]
[Result "0-1"]
[WhiteElo "2429"]
[BlackElo "2552"]
[ECO "A40"]
[WhiteFed "RUS"]
[BlackFed "ESP"]
[FCGameId "1471827951"]
[TimeControl "5400+30"]

1. d4 e6 2. c4 d5 3. Nf3 a6 4. g3 dxc4 5. Bg2 Nc6 6. O-O Rb8 7. e3 b5 8. b3 cxb3 9. axb3 Bd6 10. e4 Nge7 11. Qc2 h6 12. Bb2 O-O 13. Rd1 Qe8 14. Nbd2 Bb7 15. Nf1 f5 16. exf5 Nxf5 17. Qe2 Nb4 18. Ne5 Bxg2 19. Kxg2 Bxe5 20. Qxe5 Qc6+ 21. Kg1 Nd5 22. Rdc1 Qb6 23. Nd2 Nfe7 24. Qe2 Nf5 25. Nf3 Rbd8 26. Ne5 Rd6 27. Rc5 Nb4 28. Rac1 Nd5 29. Qe4 Nfe7 30. Ra1 Nf6 31. Qc2 Ned5 32. Rc1 Nd7 33. Rc6 Rxc6 34. Nxc6 N7f6 35. Qg6 Qb7 36. Ne5 Ne7 37. Qc2 Ne4 38. Qxc7 Qxc7 39. Rxc7 Rxf2 40. Rxe7 Rxb2 41. Rxe6 Nc3 42. Rxa6 Ne2+ 43. Kf2 Nxd4+ 44. Ke3 Nxb3 45. Ra8+ Kh7 46. h4 Nd2 47.  g4 Nc4+ 48. Nxc4 bxc4 49. Rc8 Rc2 50. h5 c3 51. Rc4 Rg2 52. Rxc3 Rg3+ 53. Kd2 Rxg4 54. Ke2 Rg5 55. Rh3 Rf5 56. Ke3 Kg8 57. Ke4 Rf1 58. Ra3 Rg1 59. Ra8+ Kf7 60. Ra7+ Ke6 61. Ra6+ Kd7 62. Kf5 Rg5+ 63. Kf4 Ke7 64. Ra7+ Kf8 65. Ra8+ Kf7 66. Ra7+ Kg8 67. Kf3 Rxh5 68. Kg4 Rb5 69. Kh4 Kh7 70. Ra6 Rb4+ 71. Kh3 g5 72. Kg3 Rf4 73. Rb6 Kg7 74. Ra6 Rf6 75. Ra5 Kg6 76. Rb5 Ra6 77. Kg4 h5+ 78. Kg3 Ra3+ 79. Kg2 h4 80. Rb4 Kh5 81. Rc4 Ra2+ 82. Kg1 h3 83. Rb4 g4 84. Rb3 Ra4 85. Rc3 Kh4 86. Rb3 Ra1+ 0-1

[Event "SUNWAY"]
[Date "2016.12.22"]
[Round "8.11"]
[White "Anurag, Mhamal"]
[Black "Burmakin, Vladimir"]
[Result "1/2-1/2"]
[WhiteElo "2423"]
[BlackElo "2535"]
[ECO "A15"]
[WhiteFed "IND"]
[BlackFed "RUS"]
[FCGameId "-1310176674"]
[TimeControl "5400+30"]

1. c4 Nf6 2. g3 c6 3. Bg2 d5 4. Nf3 Bf5 5. cxd5 cxd5 6. Qb3 Qb6 7. Qxb6 axb6 8. Nc3 Bd7 9. d3 e6 10. Bf4 Bc5 11. O-O O-O 12. a3 Rc8 13. Rac1 Nc6 14. e4 h6 15. exd5 Nxd5 16. Nxd5 exd5 17. Ne5 Be6 18. Nxc6 Rxc6 19. Rfd1 Bd4 20. Rxc6 bxc6 21. Rd2 c5 22. h4 Kf8 23. Be3 Ra4 24. Bf3 Bxe3 25. fxe3 d4 26. Kf2 g5 27. hxg5 hxg5 28. Bd1 dxe3+ 29. Kxe3 Rd4 30. b4 f5 31. bxc5 bxc5 32. Rc2 f4+ 33. gxf4 gxf4+ 34. Ke2 c4 35. Rc3 cxd3+ 36. Kd2 Bf5 37. Rc5 Be4 38. Kc3 Rd7 39. Rc4 Re7 40. Bf3 1/2-1/2

[Event "SUNWAY"]
[Date "2016.12.22"]
[Round "8.12"]
[White "Krishna Teja, N"]
[Black "Granda Zuniga, Julio E"]
[Result "0-1"]
[WhiteElo "2253"]
[BlackElo "2646"]
[ECO "A06"]
[WhiteFed "IND"]
[BlackFed "PER"]
[FCGameId "1002006258"]
[TimeControl "5400+30"]

1. Nf3 d5 2. d4 c6 3. e3 Bg4 4. c4 e6 5. Qb3 Qb6 6. Ne5 Bf5 7. Nc3 Nf6 8. Bd2 Nbd7 9. Nxd7 Kxd7 10. Na4 Qxb3 11. axb3 Bd6 12. c5 Bc7 13. b4 e5 14. f3 Rae8 15. Kf2 a6 16. Be2 e4 17. f4 h5 18. Nc3 Reg8 19. g3 g5 20. h4 gxf4 21. exf4 Bg4 22. Bf1 Rg6 23. Rg1 Rhg8 24. Re1 Bd8 25. Be3 Ne8 26. Rh1 Ng7 27. Bh3 Nf5 28. Ne2 Bf6 29. Bxg4 Rxg4 30. Rh3 Kc7 31. Ra1 Kb8 32. Ra3 Ka7 33. Ra2 Nxg3 34. Nxg3 Rxg3 35. Rxg3 Bxh4 36. Ra1 Rxg3 37. Ra3 Rg8+ 0-1

[Event "SUNWAY"]
[Date "2016.12.22"]
[Round "8.13"]
[White "Krishna C R G"]
[Black "Postny, Evgeny"]
[Result "0-1"]
[WhiteElo "2390"]
[BlackElo "2620"]
[ECO "D70"]
[WhiteFed "IND"]
[BlackFed "ISR"]
[FCGameId "-1009261586"]
[TimeControl "5400+30"]

1. d4 d5 2. c4 c6 3. Nf3 Nf6 4. Nbd2 Bf5 5. Nh4 Be4 6. Qb3 Qb6 7. Nxe4 Nxe4 8. Qxb6 axb6 9. e3 e6 10. Bd3 Nd7 11. Nf3 Be7 12. Ke2 O-O 13. Bd2 Nd6 14. cxd5 exd5 15. Rhc1 b5 16. Bb4 Rfe8 17. Bxd6 Bxd6 18. a3 Nb6 19. Rab1 g6 20. g3 Kg7 21. Rc2 Re7 22. g4 Nd7 23. Rg1 Nf6 24. h3 Ne4 25. Bxe4 Rxe4 26. Kd3 Re7 27. Nd2 Rf8 28. Rcc1 f6 29. Rc2 Kf7 30. Rcc1 Ke6 31. Ra1 Ra8 32. Rge1 Kd7 33. Rac1 Rae8 34. Ra1 Ra8 35. Rg1 b6 36. e4 c5 37. exd5 c4+ 38. Kc3 Re2 39. Rae1 Rae8 40. Rxe2 Rxe2 41. f3 Bh2 42. Rd1 Bf4 43. Ne4 f5 44. gxf5 gxf5 45. Nf6+ Kd6 46. Nxh7 Bg3 47. a4 Re3+ 48. Kd2 Bf4 49. axb5 Re7+ 50. Kc3 Rxh7 51. Rg1 Kxd5 52. Rg8 Rxh3 0-1

[Event "SUNWAY"]
[Date "2016.12.22"]
[Round "8.14"]
[White "Sunilduth Lyna, Narayanan"]
[Black "Lorenzo De La Riva, Lazaro"]
[Result "0-1"]
[WhiteElo "2541"]
[BlackElo "2373"]
[ECO "A57"]
[WhiteFed "IND"]
[BlackFed "ESP"]
[FCGameId "-1199477339"]
[TimeControl "5400+30"]

1. d4 Nf6 2. c4 c5 3. d5 b5 4. Nf3 g6 5. Qc2 bxc4 6. e4 d6 7. Bxc4 Bg7 8. O-O O-O 9. h3 Na6 10. Nc3 Nd7 11. Bf4 Nb6 12. Be2 Nc7 13.  a4 a5 14. Rad1 f6 15. Rfe1 Bd7 16. b3 Qe8 17. Qc1 Kh8 18. Bg3 Qf7 19. h4 Rfc8 20. Nd2 Bh6 21. Qa1 Bg7 22. Nc4 Nxc4 23. Bxc4 Rab8 24. Qc1 Rb4 25. Bf4 Rcb8 26. Bd2 R4b7 27. Ne2 Ra7 28. Bc3 Na8 29. Qd2 Nb6 30. Bd3 Rba8 31. Bc2 Qf8 32. Ra1 Bh6 33. Qd3 Rc7 34. h5 c4 35. bxc4 Nxc4 36. hxg6 Ne5 37. Qg3 Nxg6 38. Bd3 Rxc3 39. Nxc3 Bf4 40. Qf3 Qh6 41. g3 Bd2 42. e5 Bxc3 43. Bxg6 Bxa1 44. e6 hxg6 45. Rxa1 Bc8 46. Rb1 Ba6 47. Qc3 Rc8 48. Qxa5 Rc1+ 49. Rxc1 Qxc1+ 50. Kh2 Qc8 51. Qb6 Kg7 52. a5 Kf8 53. Qe3 Kg7 54. Qb6 Bc4 55. Qa7 Kf8 56. Qe3 g5 57. Qf3 Ke8 58. a6 Bxa6 59. Qh5+ Kd8 60. Qh8+ Kc7 61. Qh7 Qe8 62. Kg1 Kb6 0-1

[Event "SUNWAY"]
[Date "2016.12.22"]
[Round "8.15"]
[White "Swapnil, S. Dhopade"]
[Black "Domingo Nunez, Alejandro"]
[Result "1-0"]
[WhiteElo "2526"]
[BlackElo "2317"]
[ECO "E11"]
[WhiteFed "IND"]
[BlackFed "ESP"]
[FCGameId "-1042795573"]
[TimeControl "5400+30"]

1. d4 e6 2. c4 Nf6 3. Nf3 Bb4+ 4. Nbd2 b6 5. g3 Bb7 6. Bg2 O-O 7. O-O Bxd2 8.  Qxd2 d5 9. cxd5 Bxd5 10. b3 Nbd7 11. Ba3 Re8 12. Rfd1 Qc8 13. Rac1 Qa6 14. Qb2  Qb7 15. Bf1 h6 16. Ne5 Nxe5 17. dxe5 Nh7 18. f3 c5 19. e4 Bc6 20. Rd6 a5 21.  Rcd1 Nf8 22. Qd2 Rec8 23. Qe3 Rab8 24. h4 Be8 25. f4 a4 26. f5 axb3 27. axb3 Qe7  28. Bb2 Nh7 29. f6 Qf8 30. Ba6 Rc6 31. Rd8 Rxd8 32. Rxd8 gxf6 33. Bb5 Qe7 34.  Qd2 Kg7 35. exf6+ Nxf6 36. Bxc6 Bxc6 37. Rh8 1-0

[Event "SUNWAY"]
[Date "2016.12.22"]
[Round "8.16"]
[White "Sarkar, Justin"]
[Black "Petrov, Nikita"]
[Result "1/2-1/2"]
[WhiteElo "2415"]
[BlackElo "2512"]
[ECO "E32"]
[WhiteFed "USA"]
[BlackFed "RUS"]
[FCGameId "-412069477"]
[TimeControl "5400+30"]

1. d4 Nf6 2. c4 e6 3. Nc3 Bb4 4. Qc2 O-O 5. a3 Bxc3+ 6. Qxc3 d5 7. Nf3 dxc4 8. Qxc4 b6 9. Bg5 Ba6 10. Qa4 Qd7 11. Qxd7 Nbxd7 12. Bxf6 gxf6 13. e3 Bb7 14. Bb5 Rfd8 15. O-O c6 16. Be2 c5 17. b4 a5 18. dxc5 bxc5 19. bxc5 Nxc5 20. Nd4 e5 21. Nf5 Be4 22. Ng3 Bd3 23. Bxd3 Rxd3 24. h4 Nb3 25. Rad1 Nd2 26. Ne4 Rad8 27. Nxd2 Rxd2 28. Rxd2 Rxd2 29. Rc1 Ra2 30. Rc3 h5 31. f3 Kg7 32. Kh2 f5 33. Rc5 f6 34. Rxa5 Re2 35. a4 Rxe3 36. Rc5 Ra3 37. f4 Rxa4 38. fxe5 Rxh4+ 39. Kg3 Rg4+ 40. Kh3 fxe5 41. Rxe5 Kf6 42. Rb5 h4 43. Rb8 Rg3+ 44. Kh2 Ke5 45. Rh8 Rg4 46. Kh3 Rg3+ 47. Kh2 Rg4 48. Kh3 Rg3+ 49. Kh2 Rg4 1/2-1/2

[Event "SUNWAY"]
[Date "2016.12.22"]
[Round "8.17"]
[White "Liang, Awonder"]
[Black "Derakhshani, Dorsa"]
[Result "1-0"]
[WhiteElo "2495"]
[BlackElo "2370"]
[ECO "E21"]
[WhiteFed "USA"]
[BlackFed "IRI"]
[FCGameId "-1437859879"]
[TimeControl "5400+30"]

1. d4 Nf6 2. c4 e6 3. Nf3 b6 4. Nc3 Bb4 5. e3 Bb7 6. Bd3 Bxc3+ 7. bxc3 d6 8. O-O  Nbd7 9. Re1 Ne4 10. Nd2 Nxd2 11. Bxd2 Qh4 12. e4 O-O-O 13. Be3 a5 14. f3 Qe7 15.  Rb1 e5 16. Qe2 g5 17. Rb5 Bc6 18. Rb2 Rdg8 19. c5 dxc5 20. Ba6+ Kb8 21. Qc4 Ka7  22. Bb5 Rg6 23. Bxc6 Rxc6 24. Qa4 Rg6 25. Rb5 exd4 26. cxd4 g4 27. dxc5 Kb7 28.  cxb6 cxb6 29. f4 Ra8 30. e5 Rc6 31. Rd1 Qe6 32. Rbd5 Rd8 33. Rd6 Rc4 34. Qb3 a4  35. Qb5 1-0

[Event "SUNWAY"]
[Date "2016.12.21"]
[Round "7.1"]
[White "Vocaturo, Daniele"]
[Black "Romanov, Evgeny"]
[Result "1-0"]
[WhiteElo "2606"]
[BlackElo "2622"]
[ECO "C45"]
[WhiteFed "ITA"]
[BlackFed "RUS"]
[FCGameId "859932459"]
[TimeControl "5400+30"]

1. e4 e5 2. Nf3 Nc6 3. d4 exd4 4. Nxd4 Bc5 5. Nxc6 bxc6 6. Bd3 d6 7. O-O Nf6 8. Nd2 h6 9. c3 a5 10. Nb3 Bb6 11. Nd4 Ng4 12. Bf4 Qf6 13. Bg3 h5 14. Qf3 Qxf3 15. Nxf3 f6 16. Bc2 Ba6 17. Ba4 Bb5 18. Bxb5 cxb5 19. a4 b4 20. cxb4 axb4 21. b3 Ne5 22. Bxe5 fxe5 23. Rac1 Rf8 24. Rc4 Rb8 25. Rfc1 g5 26. R1c2 g4 27. Nh4 Kd7 28. Kf1 Ba5 29. Nf5 Rbc8 30. Rd2 Rf6 31. Rc5 Bb6 32. Rxe5 Re8 33. Rxe8 Kxe8 34. Ng7+ Kd7 35. Nxh5 Rh6 36. Rd5 c6 37. Rf5 Bd4 38. Ke2 c5 39. Kd3 Kc6 40. f3 gxf3 41. gxf3 Rg6 42. Nf4 Rh6 43. Rf7 d5 44. Nxd5 Rxh2 45. Nxb4+  {-error} 1-0

[Event "SUNWAY"]
[Date "2016.12.21"]
[Round "7.2"]
[White "Shyam, Sundar M."]
[Black "Zubov, Alexander"]
[Result "1/2-1/2"]
[WhiteElo "2532"]
[BlackElo "2606"]
[ECO "C77"]
[WhiteFed "IND"]
[BlackFed "UKR"]
[FCGameId "1381180534"]
[TimeControl "5400+30"]

1. e4 e5 2. Nf3 Nc6 3. Bb5 a6 4. Ba4 Nf6 5. d3 d6 6. O-O b5 7. Bb3 Na5 8. Re1 Be7 9. d4 exd4 10. e5 dxe5 11. Nxe5 O-O 12. Bd2 b4 13. a3 Bd6 14. Ba2 c5 15. axb4 cxb4 16. Bg5 b3 17. cxb3 Bxe5 18. Rxe5 Nc6 19. Re1 h6 20. Bh4 g5 21. Bg3 Bg4 22. Qd2 Bf5 23. f3 Nh5 24. Bf2 Nf4 25. Na3 Qf6 26. b4 Nd3 27. Red1 Ncxb4 28. Bc4 Rfe8 29. Bg3 Re7 30. Bxd3 Nxd3 31. Nc4 Re6 32. Ra3 Rc8 33. Rxd3 Rxc4 34. Rxd4 Rc2 35. Qb4 Ree2 36. R4d2 Rxb2 37. Qxb2 Qxb2 38. Rxb2 Rxb2 39. Rd6 Kh7 40. Rxa6 1/2-1/2

[Event "SUNWAY"]
[Date "2016.12.21"]
[Round "7.3"]
[White "Lopez Martinez, Josep Manuel"]
[Black "Kamsky, Gata"]
[Result "1/2-1/2"]
[WhiteElo "2552"]
[BlackElo "2661"]
[ECO "B32"]
[WhiteFed "ESP"]
[BlackFed "USA"]
[FCGameId "1275539192"]
[TimeControl "5400+30"]

1. e4 c5 2. Nf3 Nc6 3. d4 cxd4 4. Nxd4 Qb6 5. Nb3 Nf6 6. Nc3 e6 7. Bd3 a6 8. Qe2  d6 9. g4 Qc7 10. g5 Nd7 11. h4 b5 12. Be3 Bb7 13. f4 Nc5 14. a3 Be7 15. h5 h6  16. gxh6 gxh6 17. O-O-O O-O-O 18. Kb1 Kb8 19. Rhg1 Nxb3 20. cxb3 d5 21. exd5  exd5 22. Bf2 Rhe8 23. Qc2 Bf6 24. Ne2 d4 25. Ng3 Ne7 26. Qxc7+ Kxc7 27. Ne4 Bxe4  28. Bxe4 Nd5 29. Bf3 Nxf4 30. Rc1+ Kb8 31. Rc6 Re6 32. Bg3 Rxc6 33. Bxc6 Be5 34.  Rf1 Nd3 35. Be4 Rg8 36. Rf3 Rxg3 37. Rxg3 Bxg3 38. Bxd3 Kc7 39. b4 1/2-1/2

[Event "SUNWAY"]
[Date "2016.12.21"]
[Round "7.4"]
[White "Sasikiran, Krishnan"]
[Black "Sunilduth Lyna, Narayanan"]
[Result "1-0"]
[WhiteElo "2661"]
[BlackElo "2541"]
[ECO "B90"]
[WhiteFed "IND"]
[BlackFed "IND"]
[FCGameId "-159175174"]
[TimeControl "5400+30"]

1. e4 c5 2. Nf3 d6 3. d4 cxd4 4. Nxd4 Nf6 5. Nc3 a6 6. Be3 e5 7. Nb3 Be6 8. f3 Nbd7 9. Qd2 b5 10. O-O-O Be7 11. g4 b4 12. Nd5 Bxd5 13. exd5 Nb6 14. Na5 Nfxd5 15. Nc6 Qc7 16. Bxb6 Nxb6 17. Nxe7 Kxe7 18. f4 a5 19. fxe5 Rhd8 20. e6 fxe6 21. Qg5+ Kf7 22. Bd3 Kg8 23. Rhf1 Rf8 24. Rxf8+ Rxf8 25. Qxa5 Nd5 26. Qxc7 Nxc7 27. a4 bxa3 28. bxa3 Ra8 29. Kb2 Rb8+ 30. Kc3 Nd5+ 31. Kd2 Ra8 32. Ra1 Kf7 33. a4 Nc7 34. a5 Ke7 35. h4 d5 36. c4 Kd6 37. cxd5 exd5 38. a6 h6 39. Rb1 Kc6 40. Rc1+ Kd6 41. Ra1 Kc5 42. Be2 Ra7 43. Ke3 Ra8 44. Rc1+ Kd6 45. Ra1 Kc5 46. Bd3 Kd6 47. Rb1 Kc6 48. Rc1+ Kd6 49. Ra1 Re8+ 50. Kf3 Rf8+ 51. Kg3 Ra8 52. h5 Ne6 53. Bf1 Nc5 54. a7 Nb3 55. Ra6+ Kc5 56. Bg2 Kd4 57. Ra4+ Ke5 58. Ra2 Nc5 59. Rd2 Ne4+ 60. Bxe4 Kxe4 61. Re2+ Kd3 62. Re7 d4 63. Rxg7 Kd2 64. Rh7 d3 65. Rxh6 Rxa7 66. Rd6 Ke2 67. h6 d2 68. Kh4 Ra6 69. Rxd2+ Kxd2 70. g5 Ke3 71. h7 Ra1 72. Kg4 Ke4 73. g6 Rg1+ 74. Kh3 Kf5 75. g7 Rxg7 76. h8=Q Rg6 77. Qh7 Kf6 78. Kh4 Rg7 79. Qh8 Kg6 80. Kg4 Re7 81. Qh5+ Kg7 82. Qd5 Kh7 83. Kg5 Rg7+ 84. Kf5 Rg1 85. Qd4 Rf1+ 86. Kg5 Rf7 87. Qe5 Rg7+ 88. Kf6 Kh8 89. Qh2+ Kg8 90. Qh5 1-0

[Event "SUNWAY"]
[Date "2016.12.21"]
[Round "7.5"]
[White "Burmakin, Vladimir"]
[Black "Ivanisevic, Ivan"]
[Result "1/2-1/2"]
[WhiteElo "2535"]
[BlackElo "2648"]
[ECO "D02"]
[WhiteFed "RUS"]
[BlackFed "SRB"]
[FCGameId "801121469"]
[TimeControl "5400+30"]

1. d4 d5 2. Nf3 Bf5 3. c4 e6 4. e3 c6 5. Nc3 Nd7 6. Bd3 Bxd3 7. Qxd3 f5 8. cxd5 cxd5 9. Qb5 Rb8 10. Bd2 Bd6 11. Ne2 a6 12. Qb3 Qe7 13. Nf4 Nh6 14. Nd3 Nf7 15. Bb4 Bxb4+ 16. Qxb4 Qxb4+ 17. Nxb4 Ke7 18. Ke2 Rbc8 19. Rac1 g5 20. Nd3 Kd6 21. h4 Rxc1 22. Rxc1 h6 23. Rh1 g4 24. Nd2 e5 25. Nb3 e4 26. Ndc5 Nxc5 27. Nxc5 Nd8 28. Rc1 Rh7 29. g3 Nc6 30. Rc3 Na5 31. Na4 Rc7 32. Rxc7 Kxc7 33. Nc5 Nc4 34. b3 Nd6 35. Kd2 a5 36. a4 Kc6 1/2-1/2

[Event "SUNWAY"]
[Date "2016.12.21"]
[Round "7.6"]
[White "Granda Zuniga, Julio E"]
[Black "Narciso Dublan, Marc"]
[Result "0-1"]
[WhiteElo "2646"]
[BlackElo "2508"]
[ECO "C11"]
[WhiteFed "PER"]
[BlackFed "ESP"]
[FCGameId "1068081570"]
[TimeControl "5400+30"]

1. e4 e6 2. d4 d5 3. Nc3 Nf6 4. e5 Nfd7 5. f4 c5 6. Nf3 Nc6 7. Be3 cxd4 8. Nxd4 Bc5 9. Qd2 O-O 10. O-O-O a6 11. h4 Nxd4 12. Bxd4 b5 13. h5 b4 14. Ne2 a5 15. h6 g6 16. Kb1 Ba6 17. Nc1 Qc7 18. Nb3 Be7 19. Bd3 a4 20. Nc1 Rfc8 21. b3 Nc5 22. Bxc5 Bxc5 23. Qe2 Bxd3 24. Rxd3 Ra6 25. Rd2 Qa7 26. Rh3 Rac6 27. Nd3 axb3 28. cxb3 Bd4 29. Rf3 Rc3 30. Rb2 Rxd3 0-1

[Event "SUNWAY"]
[Date "2016.12.21"]
[Round "7.7"]
[White "Petrov, Nikita"]
[Black "Edouard, Romain"]
[Result "0-1"]
[WhiteElo "2512"]
[BlackElo "2611"]
[ECO "A04"]
[WhiteFed "RUS"]
[BlackFed "FRA"]
[FCGameId "-1909219812"]
[TimeControl "5400+30"]

1. Nf3 c5 2. c4 Nc6 3. Nc3 e5 4. g3 g6 5. Bg2 Bg7 6. O-O Nge7 7. a3 O-O 8. b4 d5 9. cxd5 Nxd5 10. Nxd5 Qxd5 11. Bb2 e4 12. Bxg7 Kxg7 13. Ne1 cxb4 14. axb4 Bf5 15. d3 Rad8 16. Qb1 Rfe8 17. b5 Nd4 18. e3 Nxb5 19. Qb2+ Kg8 20. Ra4 a6 21. h3 h5 22. g4 hxg4 23. hxg4 Bxg4 24. Bxe4 Qe5 25. Qxe5 Rxe5 26. Bxb7 Be2 27. Rxa6 Nd6 28. Bg2 Rb5 29. Ra8 Rxa8 30. Bxa8 Rb1 31. Bf3 Bxf1 32.  Kxf1 f5 33. Ke2 Kg7 34. Bd5 Nb5 35. Bc4 Rb2+ 36. Kf3 Nc3 37. e4 Nd1 38.  exf5 Rxf2+ 39. Kg3 Rxf5 40.  Nf3 Nb2 41. Nd4 Ra5 0-1

[Event "SUNWAY"]
[Date "2016.12.21"]
[Round "7.8"]
[White "Van Foreest, Jorden"]
[Black "Liang, Awonder"]
[Result "1-0"]
[WhiteElo "2605"]
[BlackElo "2495"]
[ECO "B96"]
[WhiteFed "NED"]
[BlackFed "USA"]
[FCGameId "2138098662"]
[TimeControl "5400+30"]

1. e4 c5 2. Nf3 d6 3. d4 cxd4 4. Nxd4 Nf6 5. Nc3 a6 6. Bg5 e6 7. f4 Nbd7 8. Qe2 Qc7 9. O-O-O Be7 10. g4 b5 11. Bg2 Bb7 12. e5 dxe5 13. fxe5 Nd5 14. Bxe7 Nxc3 15. bxc3 Kxe7 16. Bxb7 Qxb7 17. Qd2 Rhe8 18. Nxe6 fxe6 19. Rhf1 Kd8 20. Rf7 Ra7 21. Qf2 Kc8 22. Rdxd7 Qxd7 23. Qxa7 Qc6 24. Rxg7 h6 25. h4 Rd8 26. g5 hxg5 27. hxg5 1-0

[Event "SUNWAY"]
[Date "2016.12.21"]
[Round "7.9"]
[White "Santos Ruiz, Miguel"]
[Black "Vorobiov, Evgeny E."]
[Result "1/2-1/2"]
[WhiteElo "2484"]
[BlackElo "2583"]
[ECO "B94"]
[WhiteFed "ESP"]
[BlackFed "RUS"]
[FCGameId "1826110997"]
[TimeControl "5400+30"]

1. e4 c5 2. Nf3 d6 3. d4 cxd4 4. Nxd4 Nf6 5. Nc3 a6 6. Bg5 Nbd7 7. Qe2 e6 8. g3  Be7 9. Bg2 h6 10. Bxf6 Bxf6 11. O-O-O Qb6 12. Qd2 Ne5 13. Bf1 Bd7 14. f4 Rc8 15.  Nb3 Bc6 16. Qe2 Nd7 17. Nd5 Bxd5 18. exd5 Nc5 19. Kb1 e5 20. Nxc5 Rxc5 21. Qe4  1/2-1/2

[Event "SUNWAY"]
[Date "2016.12.21"]
[Round "7.10"]
[White "Peralta, Fernando"]
[Black "Minko, Vladimir"]
[Result "1/2-1/2"]
[WhiteElo "2574"]
[BlackElo "2429"]
[ECO "E40"]
[WhiteFed "ARG"]
[BlackFed "RUS"]
[FCGameId "-1821694451"]
[TimeControl "5400+30"]

1. d4 Nf6 2. c4 e6 3. Nc3 Bb4 4. e3 d5 5. cxd5 exd5 6. Bd3 O-O 7. Ne2 Bd6 8. O-O c5 9. dxc5 Bxc5 10. b3 Nc6 11. Bb2 a6 12. Rc1 Bd6 13. Ng3 Ng4 14. Be2 Qh4 15. Bxg4 Bxg4 16. f3 Be6 17. Nce2 Rad8 18. Qd2 Rfe8 19. f4 Bg4 20. Nd4 Nxd4 21. Bxd4 Re6 22. Qf2 Rh6 23. h3 Bd7 24. Ne2 Qe7 25. Qf3 Bf5 26. Ng3 Be4 27. Nxe4 Qxe4 28. Qxe4 dxe4 29. Rfd1 Bf8 30. Rc7 b5 31. Rdc1 Re6 32. Ra7 f6 33. Kf2 Rde8 34. Ke2 f5 35. Rcc7 R8e7 36. Rxe7 Bxe7 37. g4 fxg4 38. hxg4 Bf8 39. g5 Rc6 40. a4 bxa4 41. bxa4 h6 42. gxh6 Rxh6 43. a5 Rh2+ 44. Kf1 Rh6 45. Ke2 Rc6 46. Kd1 Kh7 47. Rf7 Rc8 48. Rb7 Rd8 49. Kc2 Rd5 50. Bc3 Rd3 51. Ra7 Rxe3 52. Rxa6 Re2+ 53. Kb3 Bc5 54. Rc6 Be3 55. Re6 Bxf4 56. a6 Bb8 57. Re7 Re3 58. Rxg7+ Kh6 59. Rb7 Be5 60. Rb6+ Kg5 61. Rc6 Bb8 62. Kc4 Re2 63. Bd4 Ra2 64. Kd5 Ra4 65. Re6 Kf5 66. Rf6+ Kg5 67. Rc6 Kf4 68. Rf6+ Kg5 69. Rf8 Rxa6 70. Rxb8 Ra5+ 71. Kxe4 Kg6 72. Rb6+ Kf7 73. Be5 Ke7 74. Rd6 Ra2 75. Rh6 Rd2 76. Bd4 Re2+ 77. Kd5 Kf7 78. Be5 Rd2+ 79. Ke4 Ke7 80. Kf5 Kd7 81. Rh7+ Kc6 82. Ke6 Rd1 83. Rh2 Rc1 84. Re2 Rc4 85. Ra2 Rc1 86. Ra8 Rc5 87. Bd4 Rh5 88. Rc8+ Kb5 89. Be5 Rh7 90. Kd5 Rh5 91. Rb8+ Ka5 92. Rb1 Rg5 93. Kd4 Ka6 94. Bd6 Rb5 95. Rh1 Kb6 96. Rh6 Rb1 97. Bc5+ Kc7 98. Kd5 Rd1+ 99. Bd4 Kd7 100. Rh2 Rd3 101. Rh7+ Kd8 102. Ke5 Kc8 103. Bc5 Rd7 104. Rh8+ Kc7 105. Bd4 Kb7 106. Rh6 Kc7 107. Rh1 Rg7 108. Kd5 Rg5+ 109. Be5+ Kb6 110. Rb1+ Ka5 111. Kd6 Ka4 112. Bd4 Rb5 113. Ra1+ Kb4 114. Bc5+ Kc4 115. Ra4+ Kd3 116. Kd5 Rb3 117. Rh4 Rb8 118. Rh3+ Ke2 119. Bd4 Rd8+ 120. Kc4 1/2-1/2

[Event "SUNWAY"]
[Date "2016.12.21"]
[Round "7.11"]
[White "Postny, Evgeny"]
[Black "Sarkar, Justin"]
[Result "1/2-1/2"]
[WhiteElo "2620"]
[BlackElo "2415"]
[ECO "D70"]
[WhiteFed "ISR"]
[BlackFed "USA"]
[FCGameId "-1285049435"]
[TimeControl "5400+30"]

1. d4 Nf6 2. c4 g6 3. f3 d5 4. cxd5 Nxd5 5. e4 Nb6 6. Nc3 Bg7 7. Be3 O-O 8. Qd2 e5 9. d5 c6 10. Rd1 cxd5 11. exd5 Re8 12. Ne4 N8d7 13. Nh3 Nf6 14. Nhf2 Nxe4 15. fxe4 f5 16. Be2 f4 17. Bc5 Nd7 18. Ba3 Nf6 19. O-O g5 20. d6 Bd7 21. Qb4 Qb6 22. Qxb6 axb6 23. Rc1 Bf8 24. Rc7 Bc6 25. Ng4 Nxg4 26. Bxg4 Red8 27. Be6+ Kh8 28. d7 Bxa3 29. bxa3 Kg7 30. Rd1 Kf6 31. Bf5 Ke7 32. Bxh7 Rxa3 33. Bf5 Rxa2 34. Rc8 Ra4 35. Rd6 Rxd7 36. Rxd7+ Bxd7 37. Rc7 Rd4 38. Rxb7 Kd8 39. Bxd7 Rxd7 40. Rxb6 Rd4 41. Rg6 1/2-1/2

[Event "SUNWAY"]
[Date "2016.12.21"]
[Round "7.12"]
[White "Cawdery, Daniel"]
[Black "Epishin, Vladimir"]
[Result "0-1"]
[WhiteElo "2419"]
[BlackElo "2571"]
[ECO "B10"]
[WhiteFed "RSA"]
[BlackFed "RUS"]
[FCGameId "-1999345825"]
[TimeControl "5400+30"]

1. e4 c6 2. c4 e5 3. Nf3 d6 4. d4 Nd7 5. Nc3 Ngf6 6. Be2 Be7 7. O-O O-O 8. h3 Re8 9. Qc2 exd4 10. Nxd4 Bf8 11. Be3 Nc5 12. Bf3 a5 13. Nb3 Nfd7 14. Bg4 b6 15. Rad1 Qc7 16. Bf4 Ne6 17. Bg3 Ba6 18. Nd2 b5 19. Ne2 Qb6 20. b3 Nf6 21. Bxe6 Rxe6 22. Nf4 Ree8 23. Rfe1 Rac8 24. Rc1 h6 25. c5 Qxc5 26. Qxc5 dxc5 27. e5 Nd7 28. e6 Nf6 29. exf7+ Kxf7 30. Nd3 Rxe1+ 31. Rxe1 Kg8 32. Ne5 c4 33. Rc1 Bb4 34. Ndf3 c3 35. Nd4 Nd5 36. Nexc6 Ba3 37. Rc2 Bc5 38. Be5 Bxd4 0-1

[Event "SUNWAY"]
[Date "2016.12.21"]
[Round "7.13"]
[White "Del Rio De Angelis, Salvador G."]
[Black "Garcia Ramos, Daniel"]
[Result "1-0"]
[WhiteElo "2530"]
[BlackElo "2268"]
[ECO "E43"]
[WhiteFed "ESP"]
[BlackFed "ESP"]
[FCGameId "1773154619"]
[TimeControl "5400+30"]

1. d4 Nf6 2. c4 e6 3. Nc3 Bb4 4. e3 b6 5. Bd3 Bb7 6. Nf3 O-O 7. O-O d5 8. a3 Bd6 9. b4 c6 10. e4 dxe4 11. Nxe4 Nxe4 12. Bxe4 Nd7 13. c5 Be7 14. Qc2 Nf6 15. Bd3 h6 16. Bb2 Nd5 17. Ne5 Qc7 18. Qd2 Bf6 19. f4 g6 20. Rae1 Rad8 21. g4 g5 22. Bb1 Bxe5 23. fxe5 f6 24. exf6 Nf4 25. Qe3 Qf7 26. Qe4 Ba6 27. Rxf4 gxf4 28. Bc1 f3 29. Kf2 Rd7 30. Ba2 Qxf6 31. Bxe6+ Rdf7 32. g5 hxg5 33. Rg1 Qh6 34. Rxg5+ Kh8 35. Qe5+ Rg7 36. Rh5 1-0

[Event "SUNWAY"]
[Date "2016.12.21"]
[Round "7.14"]
[White "Alonso Bouza, Julio Javier"]
[Black "Aroshidze, Levan"]
[Result "0-1"]
[WhiteElo "2365"]
[BlackElo "2517"]
[ECO "B44"]
[WhiteFed "CUB"]
[BlackFed "ESP"]
[FCGameId "1793400982"]
[TimeControl "5400+30"]

1. e4 c5 2. Nf3 e6 3. d4 cxd4 4. Nxd4 Nc6 5. Nb5 d6 6. c4 Nf6 7. N1c3 a6 8. Na3 b6 9. Be2 Bb7 10. O-O Nb8 11. f3 Nbd7 12. Be3 Be7 13. Rc1 O-O 14. Nab1 Rc8 15. Qd2 Qc7 16. Rfd1 Qb8 17. Bf1 Bd8 18. b3 Bc7 19. g3 Rfe8 20. Bg2 Ba8 21. a4 h5 22. Bf4 Ne5 23. Kh1 Nfd7 24. Na3 Nc5 25. Rb1 h4 26. b4 Ncd7 27. a5 h3 28. Bxh3 Nxf3 29. Qf2 Nfe5 30. axb6 Bxb6 31. c5  dxc5 32. Rxd7 cxb4 33. Qf1 Rxc3 34. Bxe5 Qxe5 35. Qxf7+ Kh7 36. Bg2 Rec8 37. Rf1 bxa3 0-1

[Event "SUNWAY"]
[Date "2016.12.21"]
[Round "7.15"]
[White "Gu, Xiaobing"]
[Black "Golubov, Saveliy"]
[Result "0-1"]
[WhiteElo "2324"]
[BlackElo "2490"]
[ECO "C68"]
[WhiteFed "CHN"]
[BlackFed "RUS"]
[FCGameId "-90752245"]
[TimeControl "5400+30"]

1. e4 e5 2. Nf3 Nc6 3. Bb5 a6 4. Bxc6 dxc6 5. O-O f6 6. d4 exd4 7. Qxd4 Qxd4 8.  Nxd4 c5 9. Ne2 Bd7 10. Nbc3 O-O-O 11. Rd1 Ne7 12. Be3 Ng6 13. Nd5 Ne5 14. b3 Kb8  15. Rd2 Bd6 16. Rad1 Rhe8 17. f3 Be6 18. Ng3 Nc6 19. Nh5 Rg8 20. Bf4 Bf7 21.  Bxd6 Rxd6 22. Nhf4 Rgd8 23. Re1 g5 24. Ne2 Ne7 25. Rd3 Nxd5 26. exd5 Bg6 27. Re3  Bxc2 28. Nc3 c6 29. dxc6 Rxc6 30. Re7 Bg6 31. Ne4 h6 32. Rg7 Bxe4 33. Rxe4 Rd2  34. a4 a5 35. Re3 c4 36. bxc4 Rxc4 37. h4 gxh4 38. Ree7 Rb2 39. Kh2 Rxa4 40. Rg6  Rf4 41. Rxh6 Rxf3 42. Rxh4 Rf5 43. Rh8+ Ka7 44. Kh3 Rg5 45. Rf8 Rgxg2 46. Ree8  Rg6 47. Ra8+ Kb6 48. Rf7 Rb5 49. Kh4 Rb1 0-1

[Event "SUNWAY"]
[Date "2016.12.21"]
[Round "7.16"]
[White "Romanishin, Oleg M"]
[Black "Beerdsen, Thomas"]
[Result "1-0"]
[WhiteElo "2463"]
[BlackElo "2407"]
[ECO "B31"]
[WhiteFed "UKR"]
[BlackFed "NED"]
[FCGameId "198784768"]
[TimeControl "5400+30"]

1. Nf3 c5 2. e4 Nc6 3. Bb5 g6 4. O-O Bg7 5. c3 e5 6. d3 Nge7 7. Be3 d6 8. d4 cxd4 9. cxd4 O-O 10. d5 Nb8 11. Nc3 h6 12. Nd2 f5 13. f3 a6 14. Be2 Nd7 15. Nc4 f4 16. Bf2 Rf6 17. a4 g5 18. a5 Rg6 19. Na4 h5 20. Nab6 Rb8 21. Rc1 Nf8 22. Kh1 Kh8 23. Nxc8 Nxc8 24. Qb3 Nh7 25. Nb6 g4 26. Nxc8 g3 27. Bb6 Qh4 28. Bg1 Qg5 29. h3 Qh4 30. Qb6 Ng5 31. Qd8+ Kh7 32. Qd7 Rf6 33. Ne7 Rbf8 34. Rfd1 R8f7 35. Bf1 Bf8 36. Qxb7 Bxe7 37. Rc7 Bd8 38. Rxf7+ Rxf7 39. Qxa6 Rg7 40. Qc8 Nxf3 41. Bb6 Bxb6 42. axb6 Ng5 43. Rc1 f3 44. Qf5+ Kh6 45. Qf6+ Kh7 46. Rc7 1-0